 Dungeon Crawl Stone Soup version 0.28-a0-1199-gef9e1dbd39 (webtiles) character file.

Game seed: 11752371439215375557

163 ChaosChampion the Insei (level 5, -1/44 HPs)
             Began as a Draconian Transmuter on Dec 19, 2021.
             Succumbed to a scorpion's poison
             ... on level 4 of the Dungeon.
             The game lasted 00:05:10 (4539 turns).

ChaosChampion the Insei (Draconian Transmuter)      Turns: 4539, Time: 00:05:11

Health: -1/44      AC:  8    Str: 10 (12) XL:     5   Next: 20%
Magic:  8/8        EV: 12    Int: 13 (15) God:
Gold:   55         SH:  0    Dex:  9 (12) Spells: 5/8 levels left

rFire   + . .      SeeInvis .     - Unarmed
rCold   + . .      Faith    .   (no shield)
rNeg    . . .      Spirit   .   (armour unavailable)
rPois   .          Reflect  .   (helmet restricted)
rElec   .          Harm     .   f - +1 cloak
rCorr   .          Rampage  .   (no gloves)
Will    .....                   c - +0 pair of boots
Stlth   +.........              (no amulet)
HPRegen 0.14/turn               l - ring of protection from fire
MPRegen 0.11/turn               n - ring of protection from cold

@: lethally poisoned (-1 -> -11), wereblooded
A: AC +5, unfitting armour, cold-blooded
a: no special abilities


You were on level 4 of the Dungeon.
You visited 1 branch of the dungeon, and saw 4 of its levels.

You collected 55 gold pieces.

Inventory:

Missiles
 d - 4 silver javelins (quivered)
Armour
 c - a +0 pair of boots (worn)
 f - a +1 cloak (worn)
Jewellery
 l - a ring of protection from fire (left hand)
 n - a ring of protection from cold (right hand)
Scrolls
 a - a scroll of immolation {unknown}
 b - 4 scrolls of magic mapping {unknown}
 e - a scroll of torment {unknown}
 g - 2 scrolls of fear {unknown}
 h - 2 scrolls of vulnerability {unknown}
 j - a scroll of enchant weapon {unknown}
 k - 2 scrolls of identify {unknown}
 p - a scroll of enchant armour {unknown}
Potions
 i - a potion of flight {unknown}
 m - a potion of degeneration


   Skills:
 + Level 2.8 Fighting
 + Level 2.9 Dodging
 + Level 3.9 Unarmed Combat
 - Level 2.0 Spellcasting
 + Level 3.1 Transmutations


You had 5 spell levels left.
You knew the following spells:

 Your Spells              Type           Power      Damage    Failure   Level
a - Beastly Appendage     Tmut           18%        N/A       7%          1
b - Wereblood             Tmut           9%         N/A       11%         2

Your spell library contained the following spells:

 Spells                   Type           Power      Damage    Failure   Level
 Sting                    Tmut/Pois      20%        1d4       13%         1
 Poisonous Vapours        Pois/Air       2%         N/A       36%         2
 Spider Form              Tmut/Pois      5%         N/A       36%         3
 Gell's Gravitas          Tloc           1%         N/A       58%         3
 Teleport Other           Tloc           1%         N/A       58%         3
 Ice Form                 Ice/Tmut       5%         N/A       78%         4
 Olgreb's Toxic Radiance  Pois           1%         N/A       94%         4
 Dispersal                Tloc           0%         N/A       100%        6


Dungeon Overview and Level Annotations

Branches:
Dungeon (4/15)
 Temple: D:4-7

Altars:
Dithmenos
Qazlal
Vehumet

Shops:
D:1 *   D:3 =[(!

Annotations:
D:2 Sigmund


Innate Abilities, Weirdness & Mutations

Your plain brown scales are hard. (AC +5)
You cannot fit into any form of body armour.
You are cold-blooded and may be slowed by cold attacks.


Message History

You are too injured to fight recklessly!
You are too injured to fight recklessly!
You are too injured to fight recklessly!
You are too injured to fight recklessly!
You are too injured to fight recklessly!
You are too injured to fight recklessly!
You hit the scorpion. Your kick misses the scorpion. You headbutt the scorpion.
Your tail-slap misses the scorpion.
The scorpion is severely wounded.
Your horns disappear.
Your talons disappear.
Your +0 pair of boots unmelds from your body.
You feel sick. The scorpion stings you.
You are more poisoned.
The scorpion poisons you!
You completely miss the scorpion.
The scorpion is severely wounded.
You feel sick. The scorpion stings you.
You hit the scorpion but do no damage.
The scorpion is severely wounded.
You feel sick.
The scorpion stings you but does no damage.
You hit the scorpion.
The scorpion is almost dead.
You feel sick. The scorpion closely misses you.
You hit the scorpion but do no damage.
The scorpion is almost dead.
You feel sick. The scorpion stings you.
* * * LOW HITPOINT WARNING * * *
You are lethally poisoned!
The scorpion poisons you! The scorpion stings you.
* * * LOW HITPOINT WARNING * * *
It was a potion of degeneration.
There was something very wrong with that liquid.
You feel weakened.
You feel dopey.
You feel clumsy.
* * * LOW HITPOINT WARNING * * *
You feel very sick.
The scorpion stings you but does no damage.
You are too injured to fight recklessly!
It was a potion of magic.
Magic courses through your body.
You die...

#.####......................
#........#..##..#..#..#<#...
#.......###.###.#..#........
#.#####.#§...☼#.#..#..#.#...
#####.#
#.#.....#.............
#.....#
#...._....##..).......
#####.#
#.#.....#....#........ #.#
#.#☼..s☼######..###.#.
#.#####.###@#### #........
#.....#.. #.##.# #..###.#.
#.#####.....##.# ##.# #.#.
#.# ##<#####.# #.# #.#.
#.############.######.###.#.
#...........................
##############.######.###.##
### ### ####


You could see a scorpion.

Vanquished Creatures
  Terence (D:3)
  Robin (D:2)
  2 adders (D:3)
  A white imp (D:4)
  3 worms
  A dart slug (D:3)
  4 orcs (D:3)
  6 ball pythons
  5 endoplasms
  7 giant cockroaches
  12 goblins
  9 hobgoblins
  A jackal (D:3)
  4 quokkas
  5 bats
  5 frilled lizards
  A jackal skeleton (D:4)
  10 kobolds
  5 rats
83 creatures vanquished.

Notes
Turn   | Place    | Note
-------+----------+-------------------------------------------
     0 | D:1      | ChaosChampion the Draconian Transmuter began the quest for
                  | the Orb.
     0 | D:1      | Reached XP level 1. HP: 16/16 MP: 3/3
   425 | D:1      | Reached XP level 2. HP: 23/23 MP: 5/5
   428 | D:1      | Learned a level 2 spell: Wereblood
   695 | D:1      | Found Osicivev's General Store.
  1238 | D:2      | Reached XP level 3. HP: 29/29 MP: 4/6
  1543 | D:2      | Noticed Sigmund
  1591 | D:3      | HP: 1/29 [kobold/stone (2)]
  1611 | D:3      | Found Inofa's Antique Armour Shoppe.
  1953 | D:2      | Noticed Robin
  1980 | D:2      | Killed Robin
  2320 | D:2      | Found a faded altar of an unknown god.
  2428 | D:2      | Reached XP level 4. HP: 27/36 MP: 4/7
  3122 | D:3      | Found Wibolir's Jewellery Boutique.
  3248 | D:3      | Found Vyda Legusyq's Weapon Shop.
  3501 | D:3      | Found Puism's Distillery.
  3530 | D:3      | Noticed Terence
  3549 | D:3      | Killed Terence
  3550 | D:3      | Reached XP level 5. HP: 27/42 MP: 5/8
  4200 | D:3      | Found a shadowy altar of Dithmenos.
  4200 | D:3      | Found a radiant altar of Vehumet.
  4506 | D:4      | Found a stormy altar of Qazlal.
  4538 | D:4      | HP: 1/44 [poisoned by a scorpion]
  4539 | D:4      | Succumbed to a scorpion's poison

Illustrated notes

Levels and vault maps discovered:
D:1:      onia_arrival_handbag, layout_basic, serial_shops, shop
D:2:      layout_loops_ring, serial_forest, infiniplex_forest_straight_1,
          infiniplex_forest_lined_2, infiniplex_forest_clump_small,
          infiniplex_forest_clump_tiny, infiniplex_forest_lined_2,
          infiniplex_forest_lined_room_2,
          hellmonk_ecumenical_altar_prayer_group, uniq_robin, uniq_sigmund
D:3:      layout_basic, gammafunk_temple_overflow_elements, serial_shops, shop,
          nicolae_shop_bloodbath_and_beyond, shop, shop_statue,
          grunt_ministairs_2, minmay_increasing_density, uniq_terence
D:4:      layout_basic, grunt_qazlal_clouds, chequers_serial_rivers_small_b,
          minivault_27

Skill      XL: |  1  2  3  4 |
---------------+-------------+-----
Dodging        | 2 |  2.9
Fighting       | 2 |  2.8
Transmutations | 3 |  3.1
Unarmed Combat | |  3.9
Spellcasting   | |  2.0

Action                   |  1- 3 |  4- 6 || total
-------------------------+-------+-------++-------
Melee: Unarmed           |   149 |   126 ||   275
       Kick              |    17 |    18 ||    35
       Tailslap          |    13 |    14 ||    27
       Headbutt          |    10 |    14 ||    24
       Punch             |     2 |     3 ||     5
 Cast: Beastly Appendage |    25 |    17 ||    42
       Wereblood         |     5 |     5 ||    10
  Use: Potion            |       |     2 ||     2
Armor: Skin              |    43 |    38 ||    81
Dodge: Dodged            |    73 |    68 ||   141

Table legend: (Time is in decaauts)
 A = Elapsed time spent in this place.
 B = Non-inter-level travel time spent in this place.
 C = Inter-level travel time spent in this place.
 D = Time resting spent in this place.
 E = Time spent auto-exploring this place.
 F = Levels seen in this place.
 G = Mean time per level.
                   A        B        C        D        E       F      G
               +--------+--------+--------+--------+--------+-----+--------+
         Total |   4521 |   4467 |     54 |    691 |   3067 |   4 | 1130.2 |
       Dungeon |   4521 |   4467 |     54 |    691 |   3067 |   4 | 1130.2 |
               +--------+--------+--------+--------+--------+-----+--------+

Top non-repeatable levels by time:
     D:2: 1808 daAuts
     D:3: 1415 daAuts
     D:1: 1166 daAuts
     D:4: 130 daAuts
